 Dungeon Crawl Stone Soup version 0.26.1-11-gd32895ea62 (webtiles) character file.

Game seed: 14586153590356905855

101 Almogavar the Twirler (level 4, 0/32 HPs)
             Began as a Gnoll Wanderer on Apr 14, 2021.
             Succumbed to Robin's poison
             ... on level 2 of the Dungeon.
             The game lasted 00:14:11 (4115 turns).

Almogavar the Twirler (Gnoll Wanderer)              Turns: 4115, Time: 00:14:12

Health: 0/32       AC:  2    Str: 10 (12) XL:     4   Next: 75%
Magic:  8/8        EV: 13    Int: 13 (14) God:
Gold:   68         SH:  0    Dex: 15 (18) Spells: 8/9 levels left

rFire    + . .     SeeInvis .   a - +0 dagger
rCold    . . .     Faith    .   (no shield)
rNeg     . . .     Spirit   .   e - +0 robe {rF+}
rPois    .         Reflect  .   (no helmet)
rElec    .         Harm     .   (no cloak)
rCorr    .         Rampage  .   (no gloves)
Will     .....                  (no boots)
Stlth    ++........             (no amulet)
HPRegen  0.10/turn              (no ring)
MPRegen  0.11/turn              (no ring)

@: mighty, lethally poisoned (0 -> -7)
A: distributed training, fangs 1, strong nose
a: no special abilities


You were on level 2 of the Dungeon.
You visited 1 branch of the dungeon, and saw 2 of its levels.

You collected 68 gold pieces.

Inventory:

Hand Weapons
 a - a +0 dagger (weapon)
Armour
 d - a +0 robe
 e - a +0 robe of fire resistance (worn)
 f - a +0 scale mail
 h - a +0 ring mail
Scrolls
 b - a scroll of teleportation {unknown}
 g - a scroll of remove curse
 l - a scroll of fear {unknown}
 m - a scroll of magic mapping {unknown}
Potions
 j - a potion of might
 k - a potion of degeneration


   Skills:
 + Level 1.2 Fighting
 + Level 1.2 Short Blades
 + Level 1.2 Long Blades
 + Level 1.2 Axes
 + Level 1.2 Maces & Flails
 + Level 1.2 Polearms
 + Level 6.6 Staves
 + Level 1.2 Slings
 + Level 1.2 Bows
 + Level 1.2 Crossbows
 + Level 2.8 Throwing
 + Level 1.2 Armour
 + Level 2.8 Dodging
 + Level 2.6 Stealth
 + Level 2.8 Shields
 + Level 1.2 Unarmed Combat
 + Level 3.0 Spellcasting
 + Level 1.0 Conjurations
 + Level 1.0 Hexes
 + Level 1.0 Summonings
 + Level 1.0 Necromancy
 + Level 1.0 Translocations
 + Level 3.9 Transmutations
 + Level 1.0 Fire Magic
 + Level 1.0 Ice Magic
 + Level 1.0 Air Magic
 + Level 1.0 Earth Magic
 + Level 1.0 Poison Magic
 + Level 1.3 Invocations
 + Level 1.2 Evocations


You had 8 spell levels left.
You knew the following spells:

 Your Spells              Type           Power        Failure   Level
a - Magic Dart            Conj           16%          16%         1

Your spell library contained the following spells:

 Spells                   Type           Power        Failure   Level
 Beastly Appendage        Tmut           24%          4%          1
 Blink                    Tloc           N/A          22%         2
 Call Imp                 Summ           4%           22%         2
 Slow                     Hex            4%           22%         2
 Ignite Poison            Fire/Tmut/Pois 7%           30%         3
 Conjure Flame            Conj/Fire      4%           41%         3
 Mephitic Cloud           Conj/Pois/Air  4%           41%         3


Dungeon Overview and Level Annotations

Branches:
Dungeon (2/15)

Altars:
Ashenzari


Innate Abilities, Weirdness & Mutations

Your experience applies equally to all skills.
You have very sharp teeth.
Your uncanny sense of smell can sniff out nearby items.


Message History

* * * LOW HITPOINT WARNING * * *
You feel sick.
* * * LOW HITPOINT WARNING * * *
You feel sick.
* * * LOW HITPOINT WARNING * * *
You feel sick.
* * * LOW HITPOINT WARNING * * *
You feel sick.
* * * LOW HITPOINT WARNING * * *
You feel sick.
You feel less wooden.
Your +0 robe of fire resistance unmelds from your body.
You feel resistant to fire.
* * * LOW HITPOINT WARNING * * *
You feel sick.
* * * LOW HITPOINT WARNING * * *
You feel sick.
* * * LOW HITPOINT WARNING * * *
You feel sick.
You die...

###############.......#
.....÷.÷..).()(.......#
###############)).....#
#######.......#
#########....##.......#
#............#####.####
....).###....#####.####..
#.########.#.....)......#
#..## ##....>...@.......#
##..###.................#
...).)..........##.###..#
...##..#.........#.# ##
..####.#............ ..##
#.#........##'#.g#
(..###.##....#..# ..#.g#
.#............... .#..g.
.............#... .# g#


There were no monsters in sight!

Vanquished Creatures
  Robin (D:2)
  An adder (D:2)
  2 oozes
  An adder zombie (D:2)
  A dart slug (D:1)
  2 leopard geckos
  2 giant cockroaches (D:1)
  14 goblins
  8 hobgoblins
  6 jackals
  5 kobolds
  A quokka (D:2)
  2 ball pythons
  9 bats
  A frilled lizard (D:2)
  4 rats
60 creatures vanquished.

Notes
Turn   | Place    | Note
-------+----------+-------------------------------------------
     0 | D:1      | Almogavar the Gnoll Wanderer began the quest for the Orb.
     0 | D:1      | Almogavar set off with the following items: a +0 dagger, a
                  | potion of curing, a +0 robe; and the following spells
                  | available to memorise: Beastly Appendage, Magic Dart,
                  | Blink, Call Imp, Slow, Ignite Poison, Conjure Flame,
                  | Mephitic Cloud
     0 | D:1      | Reached XP level 1. HP: 13/13 MP: 4/4
   382 | D:1      | Reached XP level 2. HP: 20/20 MP: 5/5
  1018 | D:1      | Reached XP level 3. HP: 25/25 MP: 7/7
  1891 | D:2      | Reached skill level 1 in Invocations
  2241 | D:2      | Reached skill level 1 in Fighting
  2241 | D:2      | Reached skill level 1 in Short Blades
  2241 | D:2      | Reached skill level 1 in Long Blades
  2241 | D:2      | Reached skill level 1 in Axes
  2241 | D:2      | Reached skill level 1 in Maces & Flails
  2241 | D:2      | Reached skill level 1 in Polearms
  2241 | D:2      | Reached skill level 1 in Slings
  2241 | D:2      | Reached skill level 1 in Bows
  2241 | D:2      | Reached skill level 1 in Crossbows
  2241 | D:2      | Reached skill level 1 in Armour
  2241 | D:2      | Reached skill level 1 in Unarmed Combat
  2241 | D:2      | Reached skill level 1 in Evocations
  2416 | D:2      | Reached XP level 4. HP: 5/32 MP: 8/8
  2788 | D:2      | Found a broken altar of Ashenzari.
  2855 | D:2      | Noticed Robin
  2947 | D:2      | Found a broken altar of Ashenzari.
  3353 | D:2      | Learned a level 1 spell: Magic Dart
  3988 | D:2      | Reached skill level 1 in Conjurations
  3988 | D:2      | Reached skill level 1 in Hexes
  3988 | D:2      | Reached skill level 1 in Summonings
  3988 | D:2      | Reached skill level 1 in Necromancy
  3988 | D:2      | Reached skill level 1 in Translocations
  3988 | D:2      | Reached skill level 1 in Fire Magic
  3988 | D:2      | Reached skill level 1 in Ice Magic
  3988 | D:2      | Reached skill level 1 in Air Magic
  3988 | D:2      | Reached skill level 1 in Earth Magic
  3988 | D:2      | Reached skill level 1 in Poison Magic
  4090 | D:2      | Killed Robin
  4114 | D:2      | HP: 1/32 [poisoned by Robin]
  4115 | D:2      | Succumbed to Robin's poison

Illustrated notes

Levels and vault maps discovered:
D:1:      lightli_iron_boxes, layout_basic
D:2:      layout_rooms, lemuel_round_altar, evilmike_ruin_ashenzari,
          uniq_terence, uniq_robin

Skill      XL: |  1  2  3  4 |
---------------+-------------+-----
Invocations    | 1 |  1.3
Fighting       | 1 |  1.2
Short Blades   | 1 |  1.2
Long Blades    | 1 |  1.2
Axes           | 1 |  1.2
Maces & Flails | 1 |  1.2
Polearms       | 1 |  1.2
Slings         | 1 |  1.2
Bows           | 1 |  1.2
Crossbows      | 1 |  1.2
Armour         | 1 |  1.2
Unarmed Combat | 1 |  1.2
Evocations     | 1 |  1.2
Spellcasting   | 3 |  3.0
Conjurations   | 1 |  1.0
Hexes          | 1 |  1.0
Summonings     | 1 |  1.0
Necromancy     | 1 |  1.0
Translocations | 1 |  1.0
Fire Magic     | 1 |  1.0
Ice Magic      | 1 |  1.0
Air Magic      | 1 |  1.0
Earth Magic    | 1 |  1.0
Poison Magic   | 1 |  1.0
Staves         | |  6.6
Throwing       | |  2.8
Dodging        | |  2.8
Stealth        | |  2.6
Shields        | |  2.8
Transmutations | |  3.9

Action                   |  1- 3 |  4- 6 || total
-------------------------+-------+-------++-------
Melee: Dagger            |   172 |    84 ||   256
       Bite              |    19 |    12 ||    31
       Punch             |     2 |       ||     2
 Cast: Magic Dart        |       |    33 ||    33
  Use: Scroll            |     2 |       ||     2
       Potion            |     1 |     4 ||     5
 Stab: Sleeping          |     5 |     2 ||     7
Armor: Robe              |    35 |    14 ||    49
       Skin              |       |     1 ||     1
Dodge: Dodged            |   122 |    48 ||   170
